 Dungeon Crawl Stone Soup version 0.28.0-53-g5a82cb258f (webtiles) character file.

Game seed: 11473565316228198673

188 gobodom the Caller (level 5, -9/37 HPs)
             Began as a Barachi Summoner on June 21, 2022.
             Was an Initiate of Ashenzari.
             Killed from afar by an orc wizard (12 damage)
             ... with a puff of flame
             ... on level 3 of the Dungeon.
             The game lasted 00:13:16 (2910 turns).

gobodom the Caller (Barachi Summoner)               Turns: 2910, Time: 00:13:19

Health: -9/37      AC:  2    Str: 11    XL:     5   Next: 67%
Magic:  8/10       EV: 12    Int: 15    God:    Ashenzari [......]
Gold:   122        SH:  0    Dex: 13    Spells: 4/10 levels left

rFire   . . .      SeeInvis .   d - +1 dagger (drain)
rCold   . . .      Faith    .   (no shield)
rNeg    . . .      Spirit   .   a - +0 robe
rPois   .          Reflect  .   (no helmet)
rElec   .          Harm     .   (no cloak)
rCorr   .          Rampage  .   (no gloves)
Will    .....                   (no boots)
Stlth   ++........              (no amulet)
HPRegen 0.12/turn               (no ring)
MPRegen 0.12/turn               (no ring)

@: unable to hop, slow
A: amphibious, slowness 1, strong legs 1, +LOS
a: Hop, Renounce Religion


You were on level 3 of the Dungeon.
You worshipped Ashenzari.
Ashenzari was noncommittal.
You visited 1 branch of the dungeon, and saw 3 of its levels.

You collected 122 gold pieces.

Inventory:

Hand Weapons
 d - a +1 dagger of draining (weapon)
 h - a +0 short sword of venom
Armour
 a - a +0 robe (worn)
Magical Staves
 c - a staff of earth
Scrolls
 b - a scroll of fog
 e - a scroll of immolation
 g - a scroll of blinking {unknown}
 i - a scroll of amnesia {unknown}
 j - a scroll of teleportation {unknown}
 k - a scroll of brand weapon {unknown}
 m - a scroll of fear {unknown}
Potions
 f - a potion of invisibility
 l - a potion of heal wounds {unknown}


   Skills:
 + Level 1.4 Fighting
 + Level 1.9 Short Blades
 + Level 0.3 Staves
 + Level 2.8 Dodging
 + Level 2.3 Stealth
 + Level 3.3 Spellcasting
 + Level 6.0 Summonings


You had 4 spell levels left.
You knew the following spells:

 Your Spells              Type           Power      Damage    Failure   Level
a - Summon Small Mammal   Summ           80%        N/A       1%          1
b - Call Imp              Summ           20%        N/A       2%          2
c - Call Canine Familiar  Summ           20%        N/A       4%          3

Your spell library contained the following spells:

 Spells                   Type           Power      Damage    Failure   Level
 Summon Guardian Golem    Hex/Summ       11%        N/A       17%         3
 Summon Lightning Spire   Summ/Air       11%        N/A       50%         4


Dungeon Overview and Level Annotations

Branches:
Dungeon (3/15)

Altars:
Ashenzari
Nemelex Xobeh
Sif Muna


Innate Abilities, Weirdness & Mutations

You are amphibious.
You cover ground slowly.
You can hop short distances.
You have an extended range of vision and can be seen from far away.


Message History

The magic dart hits your hound.
Your hound barely misses something.
Your hound bites something.
You hear some strange, mumbled words.
A puff of flame appears from out of thin air!
The puff of flame hits your hound!
Your hound dies!
Your hound's corpse disappears in a puff of smoke!
You completely miss something.
Your crimson imp misses something.
The centaur zombie hits you.
* * * LOW HITPOINT WARNING * * *
The centaur zombie kicks you.
* * * LOW HITPOINT WARNING * * *
Something completely misses you. Something hits you.
* * * LOW HITPOINT WARNING * * *
Your crimson imp misses something.
Something hits you.
* * * LOW HITPOINT WARNING * * *
Things that are here:
a +0 club; a +0 ring mail; an adder corpse Hop to where?
Press: ? - help, Dir - move target Boing!
A magic dart appears from out of thin air!
The magic dart hits your crimson imp.
Your crimson imp blinks!
Casting: Call Imp (safe; 2% risk of failure)
Confirm with . or Enter, or press ? or * to list all spells.
Casting: Summon Small Mammal (safe; 1% risk of failure)
Confirm with . or Enter, or press ? or * to list all spells.
Your quokka misses something. Something hits you.
* * * LOW HITPOINT WARNING * * *
The orc completely misses your quokka.
Your rat completely misses something.
Something hits your crimson imp.
Your quokka bites the orc.
The orc hits your quokka with a +0 hand axe.
The centaur zombie hits your quokka.
The centaur zombie barely misses your quokka.
You hear some strange, mumbled words.
A puff of flame appears from out of thin air!
The puff of flame hits you!
You die...

..#..#
########
.###.## .
#..## ##### #
##..### #...#
##...# #._.#
###.## #r..#
#..## ##...#
##..###.{5.#
#.###.or..@.#
#.o#
+.Z##...#
..oo#
#)###...#
.......)Zo#
#...#
#........Z.#
#####
##########.#
#.# ..# ###


You could see an orc (ally target), a centaur zombie (ally target), a friendly
crimson imp (summoned), a friendly quokka (summoned) and a friendly rat
(summoned).

Vanquished Creatures
  A bullfrog (D:3)
  5 adders
  A worm (D:2)
  An orc (D:3)
  3 ball pythons
  6 endoplasms
  A giant cockroach (D:2)
  4 goblins
  A hobgoblin (D:1)
  3 jackals (D:2)
  2 quokkas (D:1)
  3 kobolds
  9 rats
40 creatures vanquished.

Vanquished Creatures (collateral kills)
  An adder (D:3)
  2 worms
  A dart slug (D:2)
  An endoplasm (D:3)
  2 giant cockroaches
  A hobgoblin (D:1)
  2 kobolds (D:2)
  2 quokkas
  3 ball pythons
  A frilled lizard (D:1)
  A rat (D:2)
17 creatures vanquished.

Grand Total: 57 creatures vanquished

Notes
Turn   | Place    | Note
-------+----------+-------------------------------------------
     0 | D:1      | gobodom the Barachi Summoner began the quest for the Orb.
     0 | D:1      | Reached XP level 1. HP: 13/13 MP: 3/3
   523 | D:1      | Reached skill level 5 in Summonings
   523 | D:1      | Reached XP level 2. HP: 16/18 MP: 1/5
   646 | D:1      | Found a faded altar of an unknown god.
  1259 | D:1      | Learned a level 2 spell: Call Imp
  1299 | D:2      | Reached XP level 3. HP: 20/24 MP: 6/6
  1670 | D:2      | Reached XP level 4. HP: 5/31 MP: 8/8
  2083 | D:2      | Reached skill level 1 in Short Blades
  2705 | D:2      | Learned a level 3 spell: Call Canine Familiar
  2709 | D:3      | Found a sparkling altar of Nemelex Xobeh.
  2733 | D:3      | Found a broken altar of Ashenzari.
  2742 | D:3      | Became a worshipper of Ashenzari the Shackled
  2804 | D:3      | Noticed a bullfrog
  2811 | D:3      | Killed a bullfrog
  2812 | D:3      | Reached skill level 1 in Fighting
  2812 | D:3      | Reached skill level 6 in Summonings
  2812 | D:3      | Reached XP level 5. HP: 32/37 MP: 3/9
  2882 | D:3      | Found a shimmering blue altar of Sif Muna.
  2910 | D:3      | Killed from afar by an orc wizard

Illustrated notes

Levels and vault maps discovered:
D:1:      minmay_arrival_loop, layout_basic,
          hellmonk_ecumenical_altar_slurped_away, minmay_fountain_box,
          minmay_unequal
D:2:      layout_basic
D:3:      layout_rooms, mainiacjoe_overflow_large_starburst,
          overflow_temple_1_default, serial_shops, nicolae_shop_window_shopping,
          uniq_crazy_yiuf_cottage

Skill      XL: |  1  2  3  4 |
---------------+-------------+-----
Summonings     | 5 6 |  6.0
Stealth        | 2 |  2.3
Short Blades   | 1 |  1.9
Fighting       | 1 |  1.4
Spellcasting   | 3 |  3.3
Staves         | |  0.3
Dodging        | |  2.8

Action                   |  1- 3 |  4- 6 || total
-------------------------+-------+-------++-------
Melee: Staff             |     8 |       ||     8
       Dagger            |    77 |    60 ||   137
       Punch             |       |     1 ||     1
 Cast: Summon Small Mamm |    12 |     2 ||    14
       Call Imp          |     2 |     7 ||     9
       Call Canine Famil |       |     2 ||     2
 Abil: Hop               |     2 |     1 ||     3
  Use: Potion            |     1 |       ||     1
       Scroll            |       |     3 ||     3
 Stab: Distracted        |     1 |       ||     1
Armor: Robe              |    15 |     2 ||    17
Dodge: Dodged            |    62 |    24 ||    86
